Senateurs vs Blues

Created - October 12, 2017 at 19:24

Goals
1 2 3 T
Senateurs 1 0 0 1
Blues 0 1 2 3
Shots
1 2 3 T
Senateurs 5 6 11 22
Blues 15 14 10 39

1st period

1. Senateurs , Brenden Morrow 1 (Johan Franzen 1) at 1:12

Penalties :
Kurtis Foster (Ott) for Hooking (Minor) at 19:55

2nd period

2. Blues , Linus Omark 1 (Justin Schultz 1, Tomas Plekanec 1) at 17:13

Penalties :
Travis Zajac (STL) for Hooking (Minor) at 1:00, Carlo Colaiacovo (Ott) for Diving (Minor) at 3:47, David Perron (STL) for Boarding (Minor) at 8:43

3rd period

3. Blues , David Perron 1 (Cody Franson 1, Travis Zajac 1) at 12:50
4. Blues , Justin Schultz 1 (Nicklas Backstrom 1, Taylor Hall 1) at 17:39

Penalties :
Taylor Hall (STL) for Hooking (Minor) at 1:00, Ryan Malone (Ott) for Holding (Minor) at 10:59, Alex Pietrangelo (STL) for Elbowing (Minor) at 12:40, Blake Wheeler (STL) for Tripping (Minor) at 18:29

Goalie Stats

Ondrej Pavelec (Ott), 36 saves from 39 shots - (0.923), L, 0-2-0, 60:00 minutes
Tuukka Rask (STL), 21 saves from 22 shots - (0.955), W, 1-0-0, 60:00 minutes

Players Stats for Senateurs

Player Name              G  A  P  +/- PIM S  H  SB GA TA FO     MP     PP MP  PK MP  
------------------------------------------------------------------------------------
B.J. Crombeen            0  0  0   0  0   2  0  1  1  0  0/0    15:01   3:50   0:00 
Brandon Dubinsky         0  0  0  -1  0   3  0  0  0  0  5/10   13:51   0:00   0:37 
Brenden Morrow           1  0  1  -1  0   2  2  0  0  0  0/0    18:15   3:52   1:45 
Brooks Orpik             0  0  0   0  0   0  2  0  0  0  0/0    19:52   3:13   2:06 
Carlo Colaiacovo         0  0  0   0  2   0  0  1  0  0  0/0    18:27   3:05   1:08 
Cody Hodgson             0  0  0   0  0   2  0  0  0  0  5/12   14:47   3:50   0:00 
Dan Girardi              0  0  0  -1  0   0  1  1  0  1  0/0    14:18   0:00   1:31 
Dan Hamhuis              0  0  0  -1  0   2  2  1  0  1  0/0    26:17   5:01   2:39 
Evgeni Malkin            0  0  0  -1  0   4  1  0  0  1  15/31  22:30   4:18   2:54 
George Parros            0  0  0   0  0   1  3  0  0  0  0/2    19:52   3:49   1:14 
Johan Franzen            0  1  1  -1  0   1  1  0  1  1  1/1    13:23   0:04   0:00 
Kurtis Foster            0  0  0  -1  2   3  3  1  1  1  0/0    24:59   4:41   2:06 
Pascal Dupuis            0  0  0   0  0   0  0  0  0  0  0/0     7:32   0:00   0:00 
Ramzi Abid               0  0  0   0  0   0  0  0  0  0  1/1     8:33   0:04   0:13 
Rob Schremp              0  0  0   0  0   0  0  0  0  0  0/1     7:59   0:00   0:00 
Ryan Malone              0  0  0   0  2   0  1  1  0  0  1/2    15:01   0:35   0:00 
Thomas Vanek             0  0  0  -1  0   0  1  1  0  1  0/1    19:10   4:18   2:47 
Vladimir Mihalik         0  0  0  -1  0   2  1  0  0  1  0/0    14:13   0:30   0:00 

Players Stats for Blues

Player Name              G  A  P  +/- PIM S  H  SB GA TA FO     MP     PP MP  PK MP  
------------------------------------------------------------------------------------
Alex Pietrangelo         0  0  0   0  2   2  1  0  0  0  0/0    23:14   3:42   0:42 
Blake Wheeler            0  0  0   1  2   2  4  1  0  0  2/3    20:16   1:20   3:55 
Bryce Lampman            0  0  0   1  0   1  0  2  1  0  0/0    23:34   0:00   5:47 
Cody Franson             0  1  1   2  0   1  5  1  0  0  0/0    15:29   1:02   2:05 
David Perron             1  0  1   1  2   4  2  0  1  1  0/0    15:30   1:20   0:17 
Drew Fata                0  0  0   0  0   3  2  0  0  0  0/0    21:58   0:00   4:54 
Drew Stafford            0  0  0   0  0   1  1  1  0  0  1/1    11:43   0:00   1:36 
Frans Nielsen            0  0  0   0  0   1  2  0  0  0  5/17   14:37   0:00   4:46 
Jake Gardiner            0  0  0   0  0   3  4  0  1  1  0/0    23:02   3:43   3:00 
Jamie Langenbrunner      0  0  0   0  0   0  1  1  0  0  1/1     8:05   0:00   0:00 
Justin Schultz           1  1  2   1  0   1  0  0  1  1  0/0    12:13   1:02   0:00 
Linus Omark              1  0  1   0  0   3  1  0  0  0  1/1     7:41   0:00   0:00 
Loui Eriksson            0  0  0   0  0   0  1  0  0  0  1/1    10:27   0:00   0:36 
Nicklas Backstrom        0  1  1   1  0   10 2  0  1  0  15/21  21:20   3:25   2:05 
Sergei Shirokov          0  0  0   0  0   3  0  0  0  0  0/1    16:18   3:25   0:00 
Taylor Hall              0  1  1   1  2   3  1  0  1  0  2/2    20:12   3:25   1:16 
Tomas Plekanec           0  1  1   0  0   0  4  0  1  0  0/2     8:00   0:00   0:19 
Travis Zajac             0  1  1   1  2   1  1  2  0  0  5/11   16:50   1:19   1:38 

3 Stars

1 - Justin Schultz (STL)
2 - Cody Franson (STL)
3 - Tuukka Rask (STL)

Power Play

Senateurs - 0 on 5 Attempt(s) - 0.00%
Blues - 0 on 3 Attempt(s) - 0.00%

Penalty Kill

Senateurs - 3 on 3 Attempt(s) - 100.00% - Score 0 goal in Penalty Kill
Blues - 5 on 5 Attempt(s) - 100.00% - Score 0 goal in Penalty Kill

Team Stat

Senateurs - Hits : 18 - Faceoff Wins : 28 - Blocked Shots : 7 - Penalty Minutes : 6
Blues - Hits : 32 - Faceoff Wins : 33 - Blocked Shots : 8 - Penalty Minutes : 10

Official

Referees : Dwyer Gord and Rehman Kyle
Linesman : David Brisebois and Lonnie Cameron

Game Notes

No Game Note

Finance

Level 1 -- Attendance: 5336 (88.93%) -- Ticket Income $474,904
Level 2 -- Attendance: 4249 (84.98%) -- Ticket Income $242,193
Level 3 -- Attendance: 1958 (97.90%) -- Ticket Income $68,530
Level 4 -- Attendance: 4000 (100.00%) -- Ticket Income $96,000
Luxury Box -- Attendance: 733 (73.30%) -- Ticket Income $127,542
Game was played at the Scotttrade center.
Total Attendance: 16276 (90.42%)
Total Ticket Income: $1,009,169
Other Income: $151,375
Total Income: $1,160,544

Senateurs

5 vs 5 Forward 
   Center                   Left Wing                Right Wing               Time % Phy DF OF 
 1 Evgeni Malkin            Ryan Malone              George Parros            40     1   2  2  
 2 Cody Hodgson             Thomas Vanek             B.J. Crombeen            30     1   2  2  
 3 Brandon Dubinsky         Brenden Morrow           Johan Franzen            20     1   2  2  
 4 Rob Schremp              Ramzi Abid               Pascal Dupuis            10     1   2  2  

5 vs 5 Defense 
   Defense                  Defense                                           Time % Phy DF OF 
 1 Kurtis Foster            Dan Hamhuis                                       40     1   2  2  
 2 Carlo Colaiacovo         Brooks Orpik                                      30     1   2  2  
 3 Vladimir Mihalik         Dan Girardi                                       20     1   2  2  
 4 Kurtis Foster            Dan Hamhuis                                       10     1   2  2  

PowerPlay Forward 
   Center                   Left Wing                Right Wing               Time % Phy DF OF 
 1 Evgeni Malkin            Thomas Vanek             George Parros            60     1   2  2  
 2 Cody Hodgson             Brenden Morrow           B.J. Crombeen            40     1   2  2  

PowerPlay Defense
   Defense                  Defense                                           Time % Phy DF OF 
 1 Kurtis Foster            Dan Hamhuis                                       60     1   2  2  
 2 Carlo Colaiacovo         Brooks Orpik                                      40     1   2  2  

Penalty Kill 4 Players Forward 
   Center                   Wing                     Time % Phy DF OF 
 1 Evgeni Malkin            Thomas Vanek             60     1   2  2  
 2 Brenden Morrow           George Parros            40     1   2  2  

Penalty Kill 4 Players Defense
   Defense                  Defense                  Time % Phy DF OF 
 1 Kurtis Foster            Dan Hamhuis              60     1   2  2  
 2 Carlo Colaiacovo         Brooks Orpik             40     1   2  2  

Penalty Kill - 3 Players Forward 
   Forward                                           Time % Phy DF OF 
 1 Evgeni Malkin                                     60     1   2  2  
 2 Thomas Vanek                                      40     1   2  2  

Penalty Kill - 3 Players Defense
   Defense                  Defense                  Time % Phy DF OF 
 1 Kurtis Foster            Dan Hamhuis              60     1   2  2  
 2 Carlo Colaiacovo         Brooks Orpik             40     1   2  2  

4 vs 4 Forward 
   Center                   Wing                     Time % Phy DF OF 
 1 Evgeni Malkin            Thomas Vanek             60     1   2  2  
 2 Brenden Morrow           George Parros            40     1   2  2  

4 vs 4 Defense
   Defense                  Defense                  Time % Phy DF OF 
 1 Kurtis Foster            Dan Hamhuis              60     1   2  2  
 2 Carlo Colaiacovo         Brooks Orpik             40     1   2  2  

Last Minutes Offensive
   Center                   Left Wing                Right Wing               Defense                  Defense                  
   Evgeni Malkin            Thomas Vanek             George Parros            Kurtis Foster            Dan Hamhuis              

Last Minutes Defensive
   Center                   Left Wing                Right Wing               Defense                  Defense                  
   Evgeni Malkin            Thomas Vanek             George Parros            Kurtis Foster            Dan Hamhuis              

Goaltenders
Starting : Ondrej Pavelec           
Backup : Jeff Deslauriers         

Extra Forwards
Normal : Johan Franzen, Ramzi Abid, Brandon Dubinsky - PP : Johan Franzen, Ramzi Abid - PK : Brandon Dubinsky
Extra Defensemen
Normal : Vladimir Mihalik, Dan Girardi, Carlo Colaiacovo - PP : Vladimir Mihalik - PK : Dan Girardi, Carlo Colaiacovo
Penalty Shots
Evgeni Malkin, Thomas Vanek, Brenden Morrow, George Parros, B.J. Crombeen

Scratches
Milan Hejduk (Healthy), Arturs Kulda (Healthy)

Blues

5 vs 5 Forward 
   Center                   Left Wing                Right Wing               Time % Phy DF OF 
 1 Nicklas Backstrom        Taylor Hall              Blake Wheeler            40     1   2  2  
 2 Travis Zajac             David Perron             Sergei Shirokov          30     1   2  2  
 3 Frans Nielsen            Loui Eriksson            Drew Stafford            20     1   2  2  
 4 Tomas Plekanec           Linus Omark              Jamie Langenbrunner      10     1   2  2  

5 vs 5 Defense 
   Defense                  Defense                                           Time % Phy DF OF 
 1 Alex Pietrangelo         Bryce Lampman                                     40     1   2  2  
 2 Jake Gardiner            Drew Fata                                         30     1   2  2  
 3 Justin Schultz           Cody Franson                                      20     1   2  2  
 4 Alex Pietrangelo         Drew Fata                                         10     1   2  2  

PowerPlay Forward 
   Center                   Left Wing                Right Wing               Time % Phy DF OF 
 1 Nicklas Backstrom        Taylor Hall              Sergei Shirokov          60     1   2  2  
 2 Travis Zajac             David Perron             Blake Wheeler            40     1   2  2  

PowerPlay Defense
   Defense                  Defense                                           Time % Phy DF OF 
 1 Jake Gardiner            Alex Pietrangelo                                  60     1   2  2  
 2 Cody Franson             Justin Schultz                                    40     1   2  2  

Penalty Kill 4 Players Forward 
   Center                   Wing                     Time % Phy DF OF 
 1 Frans Nielsen            Blake Wheeler            60     1   2  2  
 2 Travis Zajac             Drew Stafford            40     1   2  2  

Penalty Kill 4 Players Defense
   Defense                  Defense                  Time % Phy DF OF 
 1 Drew Fata                Bryce Lampman            60     1   2  2  
 2 Cody Franson             Jake Gardiner            40     1   2  2  

Penalty Kill - 3 Players Forward 
   Forward                                           Time % Phy DF OF 
 1 Blake Wheeler                                     60     1   2  2  
 2 Frans Nielsen                                     40     1   2  2  

Penalty Kill - 3 Players Defense
   Defense                  Defense                  Time % Phy DF OF 
 1 Bryce Lampman            Drew Fata                60     1   2  2  
 2 Alex Pietrangelo         Jake Gardiner            40     1   2  2  

4 vs 4 Forward 
   Center                   Wing                     Time % Phy DF OF 
 1 Travis Zajac             David Perron             60     1   2  2  
 2 Nicklas Backstrom        Taylor Hall              40     1   2  2  

4 vs 4 Defense
   Defense                  Defense                  Time % Phy DF OF 
 1 Bryce Lampman            Alex Pietrangelo         60     1   2  2  
 2 Drew Fata                Jake Gardiner            40     1   2  2  

Last Minutes Offensive
   Center                   Left Wing                Right Wing               Defense                  Defense                  
   Nicklas Backstrom        Taylor Hall              Sergei Shirokov          Jake Gardiner            Alex Pietrangelo         

Last Minutes Defensive
   Center                   Left Wing                Right Wing               Defense                  Defense                  
   Frans Nielsen            Loui Eriksson            Blake Wheeler            Bryce Lampman            Drew Fata                

Goaltenders
Starting : Tuukka Rask              
Backup : Ray Emery                

Extra Forwards
Normal : Travis Zajac, Jamie Langenbrunner, David Perron - PP : Linus Omark, Tomas Plekanec - PK : Nicklas Backstrom
Extra Defensemen
Normal : Jake Gardiner, Cody Franson, Drew Fata - PP : Justin Schultz - PK : Alex Pietrangelo, Justin Schultz
Penalty Shots
David Perron, Loui Eriksson, Nicklas Backstrom, Sergei Shirokov, Travis Zajac

Scratches
Tuomo Ruutu (Healthy)

% Time on Ice - Senateurs

Lines # - Real PCT - Wanted PCT - Time Play
Normal Forward
1 - 33% - 40% - 15:11
2 - 24% - 30% - 11:07
3 - 26% - 20% - 12:02
4 - 16% - 10% - 7:29
Normal Defense
1 - 39% - 40% - 17:51
2 - 32% - 30% - 14:38
3 - 26% - 20% - 12:07
4 - 3% - 10% - 1:13
PP Forward
1 - 53% - 60% - 4:22
2 - 47% - 40% - 3:52
PP Defense
1 - 63% - 60% - 5:09
2 - 37% - 40% - 3:05
PK Forward
1 - 74% - 60% - 3:31
2 - 26% - 40% - 1:14
PK Defense
1 - 56% - 60% - 2:39
2 - 44% - 40% - 2:06
PK3 Forward
1 - 0% - 60%
2 - 0% - 40%
PK3 Defense
1 - 0% - 60%
2 - 0% - 40%
44 Forward
1 - 75% - 60% - 0:54
2 - 25% - 40% - 0:18
44 Defense
1 - 100% - 60% - 1:12
2 - 0% - 40% - 0:00
Last Minute Offensive  - 0:00
Last Minute Defensive  - 0:00
Total
Forward - 60:00
Defense - 60:00

% Time on Ice - Blues

Lines # - Real PCT - Wanted PCT - Time Play
Normal Forward
1 - 33% - 40% - 15:14
2 - 28% - 30% - 13:03
3 - 21% - 20% - 9:51
4 - 17% - 10% - 7:41
Normal Defense
1 - 39% - 40% - 17:58
2 - 34% - 30% - 15:25
3 - 24% - 20% - 10:58
4 - 3% - 10% - 1:28
PP Forward
1 - 72% - 60% - 3:25
2 - 28% - 40% - 1:20
PP Defense
1 - 78% - 60% - 3:43
2 - 22% - 40% - 1:02
PK Forward
1 - 81% - 60% - 6:38
2 - 19% - 40% - 1:36
PK Defense
1 - 70% - 60% - 5:47
2 - 30% - 40% - 2:27
PK3 Forward
1 - 0% - 60%
2 - 0% - 40%
PK3 Defense
1 - 0% - 60%
2 - 0% - 40%
44 Forward
1 - 100% - 60% - 1:12
2 - 0% - 40% - 0:00
44 Defense
1 - 67% - 60% - 0:48
2 - 33% - 40% - 0:24
Last Minute Offensive  - 0:00
Last Minute Defensive  - 0:00
Total
Forward - 60:00
Defense - 60:00

Play by Play

1st period


0:01 of 1st period - Blake Wheeler wins face-off versus Ryan Malone in neutral zone.
0:25 of 1st period - Dan Hamhuis is hit by Alex Pietrangelo and loses puck.
0:50 of 1st period - Snap shot by Alex Pietrangelo.
0:50 of 1st period - Stopped by Ondrej Pavelec without a rebound.
0:51 of 1st period - Frans Nielsen wins face-off versus Rob Schremp in Senateurs zone.
0:56 of 1st period - Wrist shot by Drew Stafford.
0:56 of 1st period - Shot Misses the Net.
1:00 of 1st period - Slapshot by Frans Nielsen.
1:00 of 1st period - Shot Blocked by Dan Girardi.
1:02 of 1st period - Slapshot by Jake Gardiner.
1:02 of 1st period - Stopped by Ondrej Pavelec without a rebound.
1:03 of 1st period - Johan Franzen wins face-off versus Tomas Plekanec in Senateurs zone.
1:12 of 1st period - Snap shot by Brenden Morrow.
1:12 of 1st period - Goal by Brenden Morrow - Senateurs : 1 - Blues : 0.
1:13 of 1st period - Taylor Hall wins face-off versus Evgeni Malkin in neutral zone.
1:16 of 1st period - Dan Girardi is hit by Jake Gardiner and loses puck.
1:21 of 1st period - Wrist shot by Nicklas Backstrom.
1:21 of 1st period - Stopped by Ondrej Pavelec without a rebound.
1:22 of 1st period - Ryan Malone wins face-off versus Nicklas Backstrom in Senateurs zone.
1:55 of 1st period - Slapshot by Nicklas Backstrom.
1:55 of 1st period - Shot Misses the Net.
2:15 of 1st period - Snap shot by Taylor Hall.
2:15 of 1st period - Shot Misses the Net.
2:17 of 1st period - Slapshot by Nicklas Backstrom.
2:17 of 1st period - Shot Misses the Net.
2:19 of 1st period - Wrist shot by Blake Wheeler.
2:19 of 1st period - Deflect By Nicklas Backstrom.
2:19 of 1st period - Stopped by Ondrej Pavelec with a rebound.
2:41 of 1st period - Slapshot by Nicklas Backstrom.
2:41 of 1st period - Stopped by Ondrej Pavelec with a rebound.
2:43 of 1st period - Slapshot by Drew Fata.
2:43 of 1st period - Stopped by Ondrej Pavelec with a rebound.
2:51 of 1st period - Snap shot by Taylor Hall.
2:51 of 1st period - Shot Misses the Net.
2:53 of 1st period - Slapshot by Drew Fata.
2:53 of 1st period - Stopped by Ondrej Pavelec with a rebound.
2:59 of 1st period - Wrist shot by Nicklas Backstrom.
2:59 of 1st period - Stopped by Ondrej Pavelec with a rebound.
3:01 of 1st period - Slapshot by Blake Wheeler.
3:01 of 1st period - Stopped by Ondrej Pavelec with a rebound.
3:03 of 1st period - Slapshot by Jake Gardiner.
3:03 of 1st period - Deflect By Nicklas Backstrom.
3:03 of 1st period - Stopped by Ondrej Pavelec without a rebound.
3:04 of 1st period - Travis Zajac wins face-off versus Cody Hodgson in Senateurs zone.
3:17 of 1st period - Wrist shot by Sergei Shirokov.
3:17 of 1st period - Stopped by Ondrej Pavelec without a rebound.
3:18 of 1st period - Brandon Dubinsky wins face-off versus Travis Zajac in Senateurs zone.
3:25 of 1st period - Slapshot by Alex Pietrangelo.
3:25 of 1st period - Stopped by Ondrej Pavelec without a rebound.
3:26 of 1st period - Brandon Dubinsky wins face-off versus Travis Zajac in Senateurs zone.
3:53 of 1st period - Slapshot by Alex Pietrangelo.
3:53 of 1st period - Shot Misses the Net.
4:55 of 1st period - Slapshot by David Perron.
4:55 of 1st period - Shot Misses the Net.
4:57 of 1st period - Snap shot by David Perron.
4:57 of 1st period - Shot Blocked by Dan Hamhuis.
5:30 of 1st period - Dan Hamhuis is hit by Travis Zajac and loses puck.
5:56 of 1st period - Icing by Brenden Morrow.
5:57 of 1st period - Loui Eriksson wins face-off versus Brandon Dubinsky in Senateurs zone.
6:12 of 1st period - Wrist shot by Drew Stafford.
6:12 of 1st period - Stopped by Ondrej Pavelec with a rebound.
6:24 of 1st period - Kurtis Foster is hit by Nicklas Backstrom and loses puck.
6:35 of 1st period - Wrist shot by Nicklas Backstrom.
6:35 of 1st period - Stopped by Ondrej Pavelec without a rebound.
6:36 of 1st period - Drew Stafford wins face-off versus Cody Hodgson in Senateurs zone.
7:02 of 1st period - Jamie Langenbrunner is hit by Evgeni Malkin and loses puck.
9:11 of 1st period - Alex Pietrangelo is hit by Ryan Malone and loses puck.
10:02 of 1st period - Ryan Malone is hit by Cody Franson and loses puck.
11:05 of 1st period - Thomas Vanek is hit by Cody Franson and loses puck.
11:57 of 1st period - Carlo Colaiacovo is hit by Drew Fata and loses puck.
12:39 of 1st period - George Parros is hit by Tomas Plekanec and loses puck.
13:02 of 1st period - Dan Hamhuis is hit by Frans Nielsen and loses puck.
13:53 of 1st period - Cody Hodgson is hit by Loui Eriksson and loses puck.
14:17 of 1st period - Dan Hamhuis is hit by Blake Wheeler and loses puck.
14:33 of 1st period - Ryan Malone is hit by Linus Omark.
14:45 of 1st period - Brooks Orpik is hit by Jake Gardiner and loses puck.
15:02 of 1st period - Ryan Malone is hit by Blake Wheeler and loses puck.
15:41 of 1st period - Snap shot by Linus Omark.
15:41 of 1st period - Stopped by Ondrej Pavelec without a rebound.
15:42 of 1st period - Frans Nielsen wins face-off versus Brandon Dubinsky in Senateurs zone.
15:43 of 1st period - Snap shot by Loui Eriksson.
15:43 of 1st period - Shot Misses the Net.
15:49 of 1st period - Jake Gardiner is hit by Thomas Vanek and loses puck.
16:04 of 1st period - Johan Franzen is hit by Jake Gardiner and loses puck.
16:21 of 1st period - Snap shot by David Perron.
16:21 of 1st period - Shot Misses the Net.
17:06 of 1st period - Blake Wheeler is hit by Dan Girardi and loses puck.
17:14 of 1st period - Icing by Jake Gardiner.
17:15 of 1st period - Linus Omark wins face-off versus Evgeni Malkin in Blues zone.
17:42 of 1st period - Snap shot by Brenden Morrow.
17:42 of 1st period - Deflect By Brandon Dubinsky.
17:42 of 1st period - Stopped by Tuukka Rask with a rebound.
18:21 of 1st period - Frans Nielsen is hit by Brooks Orpik and loses puck.
18:26 of 1st period - Wrist shot by B.J. Crombeen.
18:26 of 1st period - Stopped by Tuukka Rask with a rebound.
18:30 of 1st period - Wrist shot by Cody Hodgson.
18:30 of 1st period - Stopped by Tuukka Rask without a rebound.
18:31 of 1st period - Taylor Hall wins face-off versus Evgeni Malkin in Blues zone.
19:43 of 1st period - Snap shot by Evgeni Malkin.
19:43 of 1st period - Stopped by Tuukka Rask with a rebound.
19:45 of 1st period - Snap shot by Ryan Malone.
19:45 of 1st period - Deflect By Justin Schultz.
19:45 of 1st period - Shot Blocked by Drew Stafford.
19:45 of 1st period - Puck is out of play.
19:46 of 1st period - Nicklas Backstrom wins face-off versus Evgeni Malkin in Blues zone.
19:46 of 1st period - Nicklas Backstrom is hit by Kurtis Foster.
19:55 of 1st period - Minor Penalty to Kurtis Foster for Hooking.
19:56 of 1st period - Nicklas Backstrom wins face-off versus Evgeni Malkin in Senateurs zone.
Goals for this period are 1 for Senateurs vs 0 for Blues.
Shots for this period are 5 for Senateurs vs 15 for Blues.

2nd period


0:01 of 2nd period - Evgeni Malkin wins face-off versus Nicklas Backstrom in neutral zone.
1:00 of 2nd period - Minor Penalty to Travis Zajac for Hooking.
1:01 of 2nd period - Jamie Langenbrunner wins face-off versus Evgeni Malkin in Blues zone.
1:14 of 2nd period - Slapshot by David Perron.
1:14 of 2nd period - Stopped by Ondrej Pavelec with a rebound.
1:51 of 2nd period - Vladimir Mihalik is hit by Nicklas Backstrom and loses puck.
1:55 of 2nd period - Penalty to Kurtis Foster is over, Kurtis Foster is back on ice.
2:04 of 2nd period - Jake Gardiner is hit by Brenden Morrow and loses puck.
3:00 of 2nd period - Penalty to Travis Zajac is over, Travis Zajac is back on ice.
3:17 of 2nd period - Wrist shot by Tomas Plekanec.
3:17 of 2nd period - Shot Misses the Net.
3:19 of 2nd period - Slapshot by Justin Schultz.
3:19 of 2nd period - Shot Misses the Net.
3:21 of 2nd period - Snap shot by Linus Omark.
3:21 of 2nd period - Shot Misses the Net.
3:23 of 2nd period - Wrist shot by Linus Omark.
3:23 of 2nd period - Stopped by Ondrej Pavelec without a rebound.
3:24 of 2nd period - Cody Hodgson wins face-off versus Travis Zajac in Senateurs zone.
3:29 of 2nd period - Snap shot by Sergei Shirokov.
3:29 of 2nd period - Shot Misses the Net.
3:31 of 2nd period - Wrist shot by David Perron.
3:31 of 2nd period - Shot Blocked by Carlo Colaiacovo.
3:33 of 2nd period - Snap shot by Sergei Shirokov.
3:33 of 2nd period - Stopped by Ondrej Pavelec with a rebound.
3:35 of 2nd period - Snap shot by Travis Zajac.
3:35 of 2nd period - Shot Misses the Net.
3:37 of 2nd period - Snap shot by David Perron.
3:37 of 2nd period - Shot Blocked by Thomas Vanek.
3:47 of 2nd period - Minor Penalty to Carlo Colaiacovo for Diving.
3:48 of 2nd period - Nicklas Backstrom wins face-off versus Thomas Vanek in Senateurs zone.
5:24 of 2nd period - Dan Hamhuis is hit by Blake Wheeler and loses puck.
5:47 of 2nd period - Penalty to Carlo Colaiacovo is over, Carlo Colaiacovo is back on ice.
5:59 of 2nd period - Wrist shot by Carlo Colaiacovo.
5:59 of 2nd period - Deflect By Evgeni Malkin.
5:59 of 2nd period - Stopped by Tuukka Rask without a rebound.
6:00 of 2nd period - Ramzi Abid wins face-off versus Frans Nielsen in Blues zone.
6:26 of 2nd period - George Parros is hit by Tomas Plekanec.
6:34 of 2nd period - Tomas Plekanec is hit by Johan Franzen and loses puck.
6:57 of 2nd period - Thomas Vanek is hit by David Perron and loses puck.
7:05 of 2nd period - Icing by Carlo Colaiacovo.
7:06 of 2nd period - Nicklas Backstrom wins face-off versus Cody Hodgson in Senateurs zone.
7:42 of 2nd period - Wrist shot by George Parros.
7:42 of 2nd period - Stopped by Tuukka Rask without a rebound.
7:43 of 2nd period - Brandon Dubinsky wins face-off versus Nicklas Backstrom in Blues zone.
7:50 of 2nd period - Wrist shot by Taylor Hall.
7:50 of 2nd period - Shot Blocked by Kurtis Foster.
7:52 of 2nd period - Slapshot by Taylor Hall.
7:52 of 2nd period - Stopped by Ondrej Pavelec without a rebound.
7:53 of 2nd period - Nicklas Backstrom wins face-off versus Brandon Dubinsky in Senateurs zone.
8:22 of 2nd period - Wrist shot by Nicklas Backstrom.
8:22 of 2nd period - Stopped by Ondrej Pavelec without a rebound.
8:23 of 2nd period - Travis Zajac wins face-off versus Evgeni Malkin in Senateurs zone.
8:28 of 2nd period - Slapshot by Sergei Shirokov.
8:28 of 2nd period - Stopped by Ondrej Pavelec without a rebound.
8:29 of 2nd period - Evgeni Malkin wins face-off versus Travis Zajac in Senateurs zone.
8:43 of 2nd period - Minor Penalty to David Perron for Boarding.
8:44 of 2nd period - Evgeni Malkin wins face-off versus Frans Nielsen in Blues zone.
9:13 of 2nd period - Slapshot by Dan Hamhuis.
9:13 of 2nd period - Stopped by Tuukka Rask with a rebound.
9:15 of 2nd period - Slapshot by Kurtis Foster.
9:15 of 2nd period - Stopped by Tuukka Rask with a rebound.
9:19 of 2nd period - Wrist shot by Cody Hodgson.
9:19 of 2nd period - Shot Misses the Net.
10:43 of 2nd period - Penalty to David Perron is over, David Perron is back on ice.
11:05 of 2nd period - Pascal Dupuis is hit by Cody Franson.
11:59 of 2nd period - Ramzi Abid is hit by Jamie Langenbrunner.
12:47 of 2nd period - Kurtis Foster is hit by Tomas Plekanec and loses puck.
13:10 of 2nd period - Bryce Lampman is hit by Vladimir Mihalik and loses puck.
13:23 of 2nd period - George Parros is hit by David Perron and loses puck.
13:40 of 2nd period - Slapshot by Nicklas Backstrom.
13:40 of 2nd period - Stopped by Ondrej Pavelec without a rebound.
13:41 of 2nd period - Brandon Dubinsky wins face-off versus Blake Wheeler in Senateurs zone.
13:45 of 2nd period - Off-side.
13:46 of 2nd period - Nicklas Backstrom wins face-off versus Cody Hodgson in neutral zone.
13:53 of 2nd period - Icing by Cody Hodgson.
13:54 of 2nd period - Cody Hodgson wins face-off versus Nicklas Backstrom in Senateurs zone.
14:05 of 2nd period - Wrist shot by Taylor Hall.
14:05 of 2nd period - Stopped by Ondrej Pavelec with a rebound.
14:07 of 2nd period - Slapshot by Jake Gardiner.
14:07 of 2nd period - Stopped by Ondrej Pavelec with a rebound.
14:09 of 2nd period - Slapshot by Drew Fata.
14:09 of 2nd period - Shot Misses the Net.
14:27 of 2nd period - Slapshot by Taylor Hall.
14:27 of 2nd period - Shot Blocked by B.J. Crombeen.
14:29 of 2nd period - Snap shot by Blake Wheeler.
14:29 of 2nd period - Deflect By Taylor Hall.
14:29 of 2nd period - Stopped by Ondrej Pavelec with a rebound.
14:31 of 2nd period - Wrist shot by Blake Wheeler.
14:31 of 2nd period - Deflect By Nicklas Backstrom.
14:31 of 2nd period - Stopped by Ondrej Pavelec without a rebound.
14:32 of 2nd period - Evgeni Malkin wins face-off versus Sergei Shirokov in Senateurs zone.
15:45 of 2nd period - Slapshot by Thomas Vanek.
15:45 of 2nd period - Shot Blocked by Blake Wheeler.
15:47 of 2nd period - Slapshot by Kurtis Foster.
15:47 of 2nd period - Shot Misses the Net.
15:51 of 2nd period - Snap shot by B.J. Crombeen.
15:51 of 2nd period - Stopped by Tuukka Rask without a rebound.
15:52 of 2nd period - Evgeni Malkin wins face-off versus Travis Zajac in Blues zone.
16:19 of 2nd period - George Parros is hit by Drew Stafford and loses puck.
16:30 of 2nd period - Snap shot by Drew Stafford.
16:30 of 2nd period - Shot Blocked by Ryan Malone.
16:46 of 2nd period - Thomas Vanek is hit by Taylor Hall and loses puck.
17:13 of 2nd period - Snap shot by Linus Omark.
17:13 of 2nd period - Goal by Linus Omark - Senateurs : 1 - Blues : 1.
17:14 of 2nd period - Nicklas Backstrom wins face-off versus Evgeni Malkin in neutral zone.
17:18 of 2nd period - Alex Pietrangelo is hit by Kurtis Foster.
17:50 of 2nd period - Backhand shot by Dan Hamhuis.
17:50 of 2nd period - Deflect By B.J. Crombeen.
17:50 of 2nd period - Shot Hit the Post.
17:50 of 2nd period - Puck is out of play.
17:51 of 2nd period - Travis Zajac wins face-off versus Brandon Dubinsky in Blues zone.
18:06 of 2nd period - Snap shot by Johan Franzen.
18:06 of 2nd period - Shot Misses the Net.
19:25 of 2nd period - Backhand shot by David Perron.
19:25 of 2nd period - Stopped by Ondrej Pavelec with a rebound.
19:27 of 2nd period - Wrist shot by Travis Zajac.
19:27 of 2nd period - Stopped by Ondrej Pavelec without a rebound.
19:28 of 2nd period - Nicklas Backstrom wins face-off versus George Parros in Senateurs zone.
19:58 of 2nd period - Slapshot by Vladimir Mihalik.
19:58 of 2nd period - Stopped by Tuukka Rask without a rebound.
19:59 of 2nd period - Cody Hodgson wins face-off versus Frans Nielsen in Blues zone.
Goals for this period are 0 for Senateurs vs 1 for Blues.
Shots for this period are 6 for Senateurs vs 14 for Blues.

3rd period


0:01 of 3rd period - Nicklas Backstrom wins face-off versus Evgeni Malkin in neutral zone.
0:27 of 3rd period - Alex Pietrangelo is hit by Dan Hamhuis and loses puck.
0:38 of 3rd period - Slapshot by Cody Hodgson.
0:38 of 3rd period - Stopped by Tuukka Rask without a rebound.
0:39 of 3rd period - Nicklas Backstrom wins face-off versus Evgeni Malkin in Blues zone.
0:52 of 3rd period - Wrist shot by George Parros.
0:52 of 3rd period - Shot Misses the Net.
1:00 of 3rd period - Minor Penalty to Taylor Hall for Hooking.
1:01 of 3rd period - Evgeni Malkin wins face-off versus Frans Nielsen in Blues zone.
1:32 of 3rd period - Snap shot by B.J. Crombeen.
1:32 of 3rd period - Shot Blocked by Travis Zajac.
1:34 of 3rd period - Wrist shot by B.J. Crombeen.
1:34 of 3rd period - Shot Misses the Net.
1:36 of 3rd period - Wrist shot by Brenden Morrow.
1:36 of 3rd period - Shot Blocked by Bryce Lampman.
2:06 of 3rd period - Brooks Orpik is hit by Cody Franson and loses puck.
2:46 of 3rd period - Blake Wheeler is hit by Kurtis Foster and loses puck.
3:00 of 3rd period - Penalty to Taylor Hall is over, Taylor Hall is back on ice.
4:06 of 3rd period - Dan Girardi is hit by Cody Franson and loses puck.
4:41 of 3rd period - Ramzi Abid is hit by Blake Wheeler and loses puck.
4:49 of 3rd period - Icing by Dan Hamhuis.
4:50 of 3rd period - Evgeni Malkin wins face-off versus Frans Nielsen in Senateurs zone.
4:52 of 3rd period - Icing by George Parros.
4:53 of 3rd period - Evgeni Malkin wins face-off versus Frans Nielsen in Senateurs zone.
5:00 of 3rd period - Slapshot by Evgeni Malkin.
5:00 of 3rd period - Stopped by Tuukka Rask with a rebound.
5:31 of 3rd period - Wrist shot by Ryan Malone.
5:31 of 3rd period - Deflect By Evgeni Malkin.
5:31 of 3rd period - Shot Misses the Net.
5:31 of 3rd period - Puck is out of play.
5:32 of 3rd period - Nicklas Backstrom wins face-off versus Cody Hodgson in Blues zone.
5:44 of 3rd period - Icing by Carlo Colaiacovo.
5:45 of 3rd period - Cody Hodgson wins face-off versus Nicklas Backstrom in Senateurs zone.
7:37 of 3rd period - Backhand shot by David Perron.
7:37 of 3rd period - Stopped by Ondrej Pavelec with a rebound.
7:39 of 3rd period - Slapshot by Jake Gardiner.
7:39 of 3rd period - Stopped by Ondrej Pavelec with a rebound.
7:41 of 3rd period - Snap shot by Drew Fata.
7:41 of 3rd period - Stopped by Ondrej Pavelec without a rebound.
7:42 of 3rd period - Evgeni Malkin wins face-off versus Travis Zajac in Senateurs zone.
7:59 of 3rd period - Travis Zajac is hit by George Parros and loses puck.
8:12 of 3rd period - Slapshot by Brandon Dubinsky.
8:12 of 3rd period - Stopped by Tuukka Rask with a rebound.
8:14 of 3rd period - Slapshot by Kurtis Foster.
8:14 of 3rd period - Stopped by Tuukka Rask without a rebound.
8:15 of 3rd period - Blake Wheeler wins face-off versus Brandon Dubinsky in Blues zone.
8:15 of 3rd period - Blake Wheeler is hit by Brenden Morrow.
8:21 of 3rd period - Snap shot by Brenden Morrow.
8:21 of 3rd period - Stopped by Tuukka Rask with a rebound.
8:40 of 3rd period - Justin Schultz is hit by Brooks Orpik and loses puck.
9:05 of 3rd period - Jamie Langenbrunner is hit by George Parros and loses puck.
10:09 of 3rd period - Icing by Dan Girardi.
10:10 of 3rd period - Brandon Dubinsky wins face-off versus Tomas Plekanec in Senateurs zone.
10:41 of 3rd period - Snap shot by Brandon Dubinsky.
10:41 of 3rd period - Shot Blocked by Jamie Langenbrunner.
10:43 of 3rd period - Wrist shot by Brandon Dubinsky.
10:43 of 3rd period - Stopped by Tuukka Rask without a rebound.
10:44 of 3rd period - Nicklas Backstrom wins face-off versus Evgeni Malkin in Blues zone.
10:44 of 3rd period - Nicklas Backstrom is hit by George Parros.
10:59 of 3rd period - Minor Penalty to Ryan Malone for Holding.
11:00 of 3rd period - Evgeni Malkin wins face-off versus Nicklas Backstrom in Senateurs zone.
11:19 of 3rd period - Thomas Vanek is hit by Jake Gardiner and loses puck.
11:27 of 3rd period - Icing by Alex Pietrangelo.
11:28 of 3rd period - Nicklas Backstrom wins face-off versus Evgeni Malkin in Blues zone.
11:55 of 3rd period - Snap shot by Nicklas Backstrom.
11:55 of 3rd period - Deflect By Carlo Colaiacovo.
11:55 of 3rd period - Stopped by Ondrej Pavelec with a rebound.
12:40 of 3rd period - Minor Penalty to Alex Pietrangelo for Elbowing.
12:41 of 3rd period - Travis Zajac wins face-off versus Evgeni Malkin in Blues zone.
12:48 of 3rd period - Slapshot by Cody Franson.
12:48 of 3rd period - Stopped by Ondrej Pavelec with a rebound.
12:50 of 3rd period - Wrist shot by David Perron.
12:50 of 3rd period - Goal by David Perron - Senateurs : 1 - Blues : 2.
12:51 of 3rd period - Travis Zajac wins face-off versus Evgeni Malkin in neutral zone.
12:59 of 3rd period - Penalty to Ryan Malone is over, Ryan Malone is back on ice.
13:31 of 3rd period - Icing by Evgeni Malkin.
13:32 of 3rd period - Frans Nielsen wins face-off versus Evgeni Malkin in Senateurs zone.
13:33 of 3rd period - Snap shot by Blake Wheeler.
13:33 of 3rd period - Stopped by Ondrej Pavelec without a rebound.
13:34 of 3rd period - Cody Hodgson wins face-off versus Frans Nielsen in Senateurs zone.
13:34 of 3rd period - Cody Hodgson is hit by Drew Fata.
13:40 of 3rd period - Slapshot by Dan Hamhuis.
13:40 of 3rd period - Shot Misses the Net.
13:49 of 3rd period - Off-side.
13:50 of 3rd period - Frans Nielsen wins face-off versus Evgeni Malkin in neutral zone.
13:55 of 3rd period - Evgeni Malkin is hit by Frans Nielsen and loses puck.
14:02 of 3rd period - Snap shot by Kurtis Foster.
14:02 of 3rd period - Deflect By Drew Fata.
14:02 of 3rd period - Stopped by Tuukka Rask with a rebound.
14:28 of 3rd period - Wrist shot by Brenden Morrow.
14:28 of 3rd period - Shot Blocked by Travis Zajac.
14:30 of 3rd period - Wrist shot by Cody Hodgson.
14:30 of 3rd period - Shot Misses the Net.
14:40 of 3rd period - Penalty to Alex Pietrangelo is over, Alex Pietrangelo is back on ice.
14:52 of 3rd period - Wrist shot by Linus Omark.
14:52 of 3rd period - Shot Misses the Net.
14:54 of 3rd period - Slapshot by Bryce Lampman.
14:54 of 3rd period - Stopped by Ondrej Pavelec without a rebound.
14:55 of 3rd period - Nicklas Backstrom wins face-off versus Cody Hodgson in Senateurs zone.
15:04 of 3rd period - Wrist shot by Taylor Hall.
15:04 of 3rd period - Shot Misses the Net.
15:11 of 3rd period - Off-side.
15:12 of 3rd period - Evgeni Malkin wins face-off versus Frans Nielsen in neutral zone.
15:15 of 3rd period - Snap shot by Dan Hamhuis.
15:15 of 3rd period - Shot Hit the Post.
15:27 of 3rd period - Snap shot by Frans Nielsen.
15:27 of 3rd period - Stopped by Ondrej Pavelec without a rebound.
15:28 of 3rd period - Nicklas Backstrom wins face-off versus Cody Hodgson in Senateurs zone.
16:58 of 3rd period - Wrist shot by Johan Franzen.
16:58 of 3rd period - Stopped by Tuukka Rask with a rebound.
17:00 of 3rd period - Slapshot by Vladimir Mihalik.
17:00 of 3rd period - Stopped by Tuukka Rask without a rebound.
17:01 of 3rd period - Evgeni Malkin wins face-off versus Frans Nielsen in Blues zone.
17:04 of 3rd period - Slapshot by Evgeni Malkin.
17:04 of 3rd period - Deflect By George Parros.
17:04 of 3rd period - Deflect By Cody Franson.
17:04 of 3rd period - Shot Blocked by Cody Franson.
17:04 of 3rd period - Puck is out of play.
17:05 of 3rd period - Frans Nielsen wins face-off versus George Parros in Blues zone.
17:39 of 3rd period - Slapshot by Justin Schultz.
17:39 of 3rd period - Deflect By Brenden Morrow.
17:39 of 3rd period - Goal by Justin Schultz - Senateurs : 1 - Blues : 3.
17:40 of 3rd period - Evgeni Malkin wins face-off versus Frans Nielsen in neutral zone.
17:45 of 3rd period - Slapshot by Evgeni Malkin.
17:45 of 3rd period - Stopped by Tuukka Rask without a rebound.
17:46 of 3rd period - Evgeni Malkin wins face-off versus Frans Nielsen in Blues zone.
17:59 of 3rd period - Slapshot by Kurtis Foster.
17:59 of 3rd period - Shot Blocked by Bryce Lampman.
18:01 of 3rd period - Snap shot by Dan Hamhuis.
18:01 of 3rd period - Deflect By Frans Nielsen.
18:01 of 3rd period - Stopped by Tuukka Rask with a rebound.
18:29 of 3rd period - Minor Penalty to Blake Wheeler for Tripping.
18:30 of 3rd period - Evgeni Malkin wins face-off versus Frans Nielsen in Blues zone.
18:55 of 3rd period - Bryce Lampman is hit by Dan Hamhuis and loses puck.
19:34 of 3rd period - George Parros is hit by Tomas Plekanec and loses puck.
Goals for this period are 0 for Senateurs vs 2 for Blues.
Shots for this period are 11 for Senateurs vs 10 for Blues.